AoeStats
← 7thSKINS

Arena

507667039Analyzed
1v1 RM · 12d ago on Sep 19, 2026· 50m 57s· 2 players
Game mode
Random Map
Map size
Tiny (2 player)
Population
200
Speed
Normal
Resources
Standard
Victory
Conquest
Starting age
Dark Age
Ending age
Imperial Age
RankedLock teamsTeams togetherTeam positionsShared explorationLock speedFull tech treeHidden civsTurbo modeCheats
Victory
Defeat
🇩🇪 Teutons · Germany
560
+14
🇷🇴 Lithuanians · Romania
508
-14
7thSKINS
0:31 Loom
11:10 Feudal Age
11:49 Horse Collar
11:56 Double-Bit Axe
11:58 Town Watch
12:52 Wheelbarrow
12:55 Gold Mining
13:14 Stone Mining
21:25 Man-at-Arms
21:51 Arson
24:23 Castle Age
22:46 Fletching
22:57 Scale Mail Armor
23:08 Forging
25:11 Bodkin Arrow
25:31 Chain Mail Armor
25:52 Iron Casting
25:21 Squires
24:42 Pikeman
24:43 Long Swordsman
24:47 Elite Skirmisher
26:24 Heavy Plow
26:36 Bow Saw
29:53 Murder Holes
32:34 Stone Shaft Mining
32:16 Padded Archer Armor
32:39 Ballistics
32:31 Masonry
33:10 Thumb Ring
34:55 Hand Cart
34:43 Town Patrol
35:46 Hill Forts
36:28 Leather Archer Armor
35:36 Crossbowman
41:40 Imperial Age
41:31 Fortified Wall
41:20 Treadmill Crane
41:33 Guard Tower
43:03 Bracer
42:35 Two-Handed Swordsman
47:26 Scale Barding Armor
48:22 Tower Shields
49:56 Halberdier
Budmind
12:37 Feudal Age
13:03 Horse Collar
13:10 Double-Bit Axe
13:17 Gold Mining
13:20 Stone Mining
14:18 Wheelbarrow
19:45 Castle Age
20:53 Loom
21:33 Bow Saw
21:25 Heavy Plow
22:03 Stone Shaft Mining
21:55 Pikeman
23:38 Forging
25:56 Squires
26:04 Scale Mail Armor
27:39 Hand Cart
27:12 Town Watch
27:45 Man-at-Arms
29:43 Arson
30:39 Iron Casting
32:06 Gold Mining
32:19 Fletching
33:23 Bodkin Arrow
40:01 Imperial Age
37:33 Town Patrol
37:55 Masonry
37:15 Long Swordsman
37:40 Gambesons
39:24 Chain Mail Armor
40:07 Elite Teutonic Knight
42:29 Blast Furnace
42:00 Plate Mail Armor
42:43 Chemistry
Connection lost

Rejoining the realm…

Still unreachable

The connection could not be restored.

Session expired

The server has moved on; the page needs a fresh start.